 Dungeon Crawl Stone Soup version 0.28-b1-25-g9875b3fc8c (webtiles) character file.

Game seed: 5453833340731359344

85684 inmateoo the Severer (level 15, -4/139 HPs)
             Began as a Minotaur Fighter on Feb 7, 2022.
             Was the Champion of Okawaru.
             Slain by an ogre mage (11 damage)
             ... while paralysed by an ogre mage
             ... on level 2 of the Orcish Mines.
             The game lasted 00:20:56 (22364 turns).

inmateoo the Severer (Minotaur Fighter)            Turns: 22364, Time: 00:20:57

Health: -4/139     AC: 35    Str: 25    XL:     15   Next: 38%
Magic:  16/21      EV:  2    Int:  9    God:    Okawaru [******]
Gold:   1542       SH:  0    Dex: 13    Spells: 14/14 levels left

rFire   + . .      SeeInvis .   A - +11 broad axe of Voracious Duty {vorpal, rPois Int+4}
rCold   . . .      Faith    .   y - +0 kite shield
rNeg    . . .      Spirit   .   Q - +3 plate armour {rF+}
rPois   +          Reflect  .   t - +1 hat
rElec   .          Harm     .   G - +2 cloak
rCorr   .          Rampage  .   k - +1 pair of gloves
Will    +....                   r - +0 pair of boots
Stlth   ..........              o - amulet of regeneration
HPRegen 1.13/turn               s - +4 ring of evasion
MPRegen 0.17/turn               v - +4 ring of protection

@: paralysed, heroic, finesse-ful
A: horns 2, retaliatory headbutt
a: Renounce Religion, Heroism, Finesse, Duel


You were on level 2 of the Orcish Mines.
You worshipped Okawaru.
Okawaru was exalted by your worship.
You visited 4 branches of the dungeon, and saw 24 of its levels.
You also visited: Bailey.

You collected 2108 gold pieces.
You spent 566 gold pieces at shops.

Inventory:

Hand Weapons
 A - the +11 broad axe of Voracious Duty (weapon) {vorpal, rPois Int+4}
   (Okawaru gifted it to you on level 13 of the Dungeon)

   It inflicts extra damage upon your enemies.
   Int:       It affects your intelligence (+4).
   rPois:     It protects you from poison.
 K - a +1 broad axe of flaming
Armour
 k - a +1 pair of gloves (worn)
 r - a +0 pair of boots (worn)
 t - a +1 hat (worn)
 y - a +0 kite shield (worn)
 G - a +2 cloak (worn)
 Q - a +3 plate armour of fire resistance (worn)
 R - the +0 chain mail "Iskurugh" {Will+ Int+3}
   (Okawaru gifted it to you on level 5 of the Lair of Beasts)

   Int:       It affects your intelligence (+3).
   Will:      It increases your willpower.
Jewellery
 b - a ring of positive energy
 l - a ring of ice
 o - an amulet of regeneration (around neck)
 s - a +4 ring of evasion (left hand)
 v - a +4 ring of protection (right hand)
 L - a ring of see invisible
Wands
 c - a wand of acid (8)
 q - a wand of polymorph (18)
 z - a wand of iceblast (5)
 C - a wand of mindburst (22)
 D - a wand of flame (58)
 E - a wand of paralysis (19)
 U - a wand of digging (6)
Scrolls
 e - 7 scrolls of identify
 f - 2 scrolls of fog
 m - 4 scrolls of fear
 n - 9 scrolls of teleportation
 p - 3 scrolls of enchant weapon
 u - 7 scrolls of enchant armour
 x - a scroll of amnesia
 B - 2 scrolls of blinking {unknown}
 J - 4 scrolls of magic mapping
 O - 2 scrolls of brand weapon
Potions
 a - 2 potions of flight {unknown}
 d - a potion of might
 g - 11 potions of curing
 h - 3 potions of magic
 i - 2 potions of cancellation
 j - a potion of ambrosia
 w - 2 potions of mutation
 F - 2 potions of invisibility
 H - 2 potions of heal wounds
 I - 3 potions of lignification
 M - a potion of berserk rage
 N - 2 potions of haste
 P - 6 potions of brilliance
 S - a potion of experience {unknown}


   Skills:
 + Level 14.4(19.4) Fighting
 * Level 19.4(24.5) Axes
 - Level 2.4(18.0) Maces & Flails
 + Level 14.5(19.5) Armour
 + Level 14.3(19.3) Shields
 - Level 10.0 Invocations


You had 14 spell levels left.
You didn't know any spells.
Your spell library contained the following spells:

 Spells                   Type           Power      Damage    Failure   Level
 Sandblast                Erth           0%         2d4       97%         1
 Blink                    Tloc           0%         N/A       99%         2
 Corpse Rot               Necr/Air       0%         N/A       99%         2
 Passwall                 Tmut/Erth      0%         N/A       99%         2
 Poisonous Vapours        Pois/Air       0%         N/A       99%         2
 Scorch                   Fire           0%         2d5       99%         2
 Sublimation of Blood     Necr           0%         N/A       99%         2
 Wereblood                Tmut           0%         N/A       99%         2
 Confusing Touch          Hex            0%         N/A       100%        3
 Dazzling Flash           Conj/Hex       0%         N/A       100%        3
 Inner Flame              Hex/Fire       0%         N/A       100%        3
 Stone Arrow              Conj/Erth      0%         3d7       100%        3
 Anguish                  Hex/Necr       0%         N/A       100%        4
 Flame Wave               Conj/Fire      0%         2d4       100%        4
 Leda's Liquefaction      Hex/Erth       0%         N/A       100%        4
 Petrify                  Tmut/Erth      0%         N/A       100%        4
 Agony                    Necr           0%         N/A       100%        5
 Alistair's Intoxication  Tmut/Pois      0%         N/A       100%        5
 Fireball                 Conj/Fire      0%         3d3       100%        5
 Irradiate                Conj/Tmut      0%         3d14      100%        5
 Iskenderun's Battlesphe  Conj           0%         2d6       100%        5
 Manifold Assault         Tloc           0%         N/A       100%        5
 Silence                  Hex/Air        0%         N/A       100%        5
 Conjure Ball Lightning   Conj/Air       0%         3x3d6     100%        6
 Enfeeble                 Hex            0%         N/A       100%        7
 Orb of Destruction       Conj           0%         9d5       100%        7
 Storm Form               Tmut/Air       0%         N/A       100%        7
 Discord                  Hex            0%         N/A       100%        8
 Disjunction              Tloc           0%         N/A       100%        8
 Tukima's Dance           Hex            Unusable   N/A       N/A         3
 Summon Cactus Giant      Summ           Unusable   N/A       N/A         6
 Summon Hydra             Summ           Unusable   N/A       N/A         7

Dungeon Overview and Level Annotations

Branches:
Dungeon (15/15)            Temple (1/1) D:5            Lair (6/6) D:9
  Swamp (0/4) Lair:4       Spider (0/4) Lair:2        Slime (0/5) Lair:5
    Orc (2/2) D:9             Elf (0/3) Orc:2        Vaults (0/5) D:14
 Depths (0/4) D:15         Bailey (visited)

Altars:
Fedhas
Gozag
Nemelex Xobeh
Okawaru
Qazlal
Ru
Sif Muna
Trog
Uskayaw
Vehumet
Xom
Yredelemnul
Zin
The Shining One
Jiyva

Shops:
D:3 [   D:5 *   D:9 =   Orc:1 ?   Orc:2 =!?(

Annotations:
D:5 2 runed translucent doors, FLACIDUS's ghost, novice GrEE
D:6 2 transporters, Palewisp's ghost, novice SpEn
Lair:5 1 runed translucent door


Innate Abilities, Weirdness & Mutations

You have a pair of horns on your head.
You reflexively headbutt those who attack you in melee.


Message History

You hit the two-headed ogre.
The two-headed ogre is lightly wounded.
You slice the ogre mage!! You completely miss the ogre mage.
You hit the two-headed ogre.
The ogre mage points at you and mumbles some strange words.
You suddenly lose the ability to move!
The ogre mage casts a spell at you. The bolt of magma hits you!
You partially resist.
The two-headed ogre hits you with a +0 giant spiked club!
The two-headed ogre hits you but does no damage.
The ogre mage hits you but does no damage. x2
The two-headed ogre hits you but does no damage.
The two-headed ogre hits you with a +0 giant club!
The two-headed ogre hits you with a +0 giant spiked club!
The two-headed ogre hits you with a +0 giant spiked club.
The ogre mage hits you with a +0 halberd of freezing.
The ogre mage freezes you.
The ogre mage points at you and mumbles some strange words.
The bolt of magma hits you! You partially resist.
The two-headed ogre hits you but does no damage. x2
The two-headed ogre hits you with a +0 giant spiked club. x2
The ogre mage hits you but does no damage. x2
The two-headed ogre hits you with a +0 giant club!!
* * * LOW HITPOINT WARNING * * *
The two-headed ogre hits you but does no damage.
The ogre mage hits you but does no damage. x2
The two-headed ogre hits you but does no damage.
The two-headed ogre hits you with a +0 giant spiked club.
* * * LOW HITPOINT WARNING * * *
The ogre mage points at the ogre and mumbles some strange words.
The ogre seems to speed up.
The ogre mage hits you but does no damage.
The two-headed ogre hits you but does no damage.
The two-headed ogre hits you with a +0 giant club.
* * * LOW HITPOINT WARNING * * *
The two-headed ogre hits you but does no damage.
The two-headed ogre hits you with a +0 giant spiked club!
* * * LOW HITPOINT WARNING * * *
The ogre mage hits you with a +0 halberd of freezing!
You die...

...... #...........
......##......#...#
.......#..........#
.......#..........##
.....OO#....#......#
....OOO#....$.....## #
....OOO#)).......#.####.
..∩∩OOO@))..........##..
..∩∩OOOO).##.......###..
....OOO#..##......#.#...
....OOO#.............#..
.......#.......##.#.##.#
.......#......#######...
.......#......# #...
......##....... #...
#......# ##..


You could see 5 two-headed ogres, 2 ogre magi and 14 ogres.

Vanquished Creatures
  A frost giant (D:15)
  Snorg (D:11)
  An ettin (Orc:2)
  8 hydras
  An ice dragon (D:14)
  3 catoblepae
  4 boulder beetles
  2 ogre magi (Orc:2)
  An anaconda (Lair:6)
  6 centaur warriors
  9 two-headed ogres
  5 death yaks
  3 tengu warriors (D:15)
  An orc high priest (Orc:2)
  Nergalle (Orc:1)
  A fire crab (Lair:5)
  A sea snake (shapeshifter) (D:14)
  A lindwurm (Lair:5)
  Pikel (D:8)
  An orc knight (D:15)
  A necromancer (D:14)
  A deep elf pyromancer (D:15)
  An oklob plant (Lair:6)
  5 ugly things
  5 manticores
  4 cyclopes
  16 elephants (Lair:6)
  8 black mambas
  15 cane toads
  A torpor snail (Lair:6)
  Maggie (D:6)
  2 gargoyles
  An unseen horror (D:13)
  2 kobold demonologists
  11 komodo dragons
  A yaktaur (D:15)
  A freezing wraith (D:15)
  2 rime drakes
  8 trolls
  A polar bear (shapeshifter) (D:13)
  3 meliai (D:14)
  3 polar bears
  3 slime creatures
  A hornet (shapeshifter) (D:15)
  Prince Ribbit (D:7)
  6 blink frogs
  A meliai zombie (D:10)
  17 dream sheep
  2 hornets
  3 vampires
  3 shadows
  A wraith (D:9)
  A jumping spider (Lair:2)
  A ynoxinul (D:8)
  47 yaks
  5 wyverns
  Eustachio (D:5)
  A steam dragon (D:9)
  6 basilisks
  4 vampire mosquitoes (D:13)
  2 wargs (Orc:2)
  Edmund (D:5)
  21 water moccasins
  3 swamp worms (Lair:4)
  2 acid dragons
  3 ice beasts
  7 orc warriors
  5 black bears
  A sky beast (D:5)
  A necrophage (D:6)
  13 centaurs
  11 ogres
  6 wolves
  A phantom (D:4)
  A lemure (D:8)
  A kobold brigand (D:9)
  Blork the orc (D:4)
  20 bullfrogs
  2 scorpions
  8 killer bees
  2 howler monkeys
  4 wights (D:8)
  7 vampire bats (Bailey)
  5 wolf zombies (Bailey)
  A centaur skeleton (D:6)
  A gnoll shaman (D:6)
  3 centaur zombies
  6 hounds
  A jelly (D:4)
  5 orc priests
  An iguana (D:4)
  13 orc wizards
  3 hell rats (Lair:6)
  2 centaur simulacra (D:8)
  2 howler monkey zombies (D:9)
  A killer bee simulacrum (D:8)
  12 gnolls
  A howler monkey skeleton (D:4)
  3 river rats (Lair:6)
  3 adders
  3 white imps (D:8)
  An ufetubus (D:8)
  An adder skeleton (D:4)
  3 worms
  A dart slug (D:4)
  53 orcs
  8 endoplasms
  2 giant cockroaches
  9 goblins
  A hobgoblin (D:3)
  3 jackals (D:4)
  11 kobolds
  7 quokkas
  2 ball pythons
  A bat (D:2)
  A frilled lizard (D:3)
  27 orc zombies (Bailey)
  11 rats
  A bush (Lair:6)
581 creatures vanquished.

Vanquished Creatures (others)
  A white imp (D:8)
  73 fungi
  76 plants
150 creatures vanquished.

Grand Total: 731 creatures vanquished

Notes
Turn   | Place    | Note
-------+----------+-------------------------------------------
     0 | D:1      | inmateoo the Minotaur Fighter began the quest for the Orb.
     0 | D:1      | Reached XP level 1. HP: 19/19 MP: 0/0
    31 | D:1      | Found a faded altar of an unknown god.
   270 | D:1      | Reached skill level 1 in Axes
   309 | D:1      | Reached XP level 2. HP: 25/27 MP: 1/1
  1238 | D:2      | Reached skill level 2 in Axes
  1238 | D:2      | Reached XP level 3. HP: 19/33 MP: 2/2
  2014 | D:3      | Found Tuoxt's Antique Armour Shoppe.
  2489 | D:4      | Reached XP level 4. HP: 40/40 MP: 3/3
  2553 | D:4      | Reached skill level 3 in Axes
  2747 | D:4      | Reached XP level 5. HP: 30/47 MP: 4/4
  3617 | D:4      | Reached skill level 4 in Axes
  3658 | D:5      | Entered Level 5 of the Dungeon
  3658 | D:5      | Noticed Eustachio
  3658 | D:5      | Noticed an ice beast
  3685 | D:5      | Found a runed translucent door.
  3687 | D:5      | Noticed FLACIDUS's ghost (novice GrEE)
  4028 | D:5      | Killed Eustachio
  4029 | D:5      | Reached skill level 5 in Fighting
  4029 | D:5      | Reached skill level 5 in Armour
  4029 | D:5      | Reached skill level 5 in Shields
  4029 | D:5      | Reached XP level 6. HP: 42/56 MP: 5/5
  4117 | D:5      | Found a staircase to the Ecumenical Temple.
  4119 | D:5      | Noticed Blork the orc
  4119 | D:5      | Noticed a sky beast
  4120 | D:5      | Noticed a water moccasin
  4148 | D:4      | Reached skill level 5 in Axes
  4239 | D:4      | Killed a water moccasin
  4240 | D:4      | Reached XP level 7. HP: 49/61 MP: 6/6
  4457 | Temple   | Entered the Ecumenical Temple
  4503 | Temple   | Became a worshipper of Warmaster Okawaru
  4618 | D:5      | Found a runed translucent door.
  4637 | D:5      | Noticed a shadow
  4640 | D:5      | Reached skill level 6 in Axes
  4650 | D:5      | Killed a shadow
  4915 | D:5      | Found Lutzor's Overcharged Wands.
  5118 | D:5      | Noticed Edmund
  5131 | D:5      | Killed Edmund
  5132 | D:5      | Reached skill level 7 in Axes
  5132 | D:5      | Reached XP level 8. HP: 55/70 MP: 7/7
  5368 | D:4      | Killed Blork the orc
  5368 | D:4      | Reached * piety under Okawaru
  5479 | D:6      | Noticed Maggie
  5496 | D:6      | Reached skill level 1 in Invocations
  5499 | D:6      | Killed Maggie
  5500 | D:6      | Reached skill level 8 in Axes
  5803 | D:6      | Reached ** piety under Okawaru
  5915 | D:6      | Noticed Palewisp's ghost (novice SpEn)
  5922 | D:6      | Found a transporter.
  5927 | D:6      | Found a transporter.
  5976 | D:6      | Reached XP level 9. HP: 79/79 MP: 9/9
  6208 | D:6      | Reached skill level 9 in Axes
  6556 | D:7      | Noticed Prince Ribbit
  6611 | D:7      | Killed Prince Ribbit
  7336 | D:8      | Reached *** piety under Okawaru
  7378 | D:8      | Noticed Pikel
  7404 | D:8      | Killed Pikel
  7405 | D:8      | Reached skill level 10 in Axes
  7479 | D:8      | Reached **** piety under Okawaru
  7692 | D:8      | Received a gift from Okawaru
  7693 | D:8      | Reached XP level 10. HP: 75/88 MP: 12/12
  8123 | D:8      | Found a shimmering blue altar of Sif Muna.
  8140 | D:8      | Got Sif Muna's Incunabulum of Earth
  8145 | D:8      | Found a bloodstained altar of Trog.
  8318 | D:8      | Reached skill level 11 in Axes
  8683 | D:9      | Noticed a two-headed ogre
  8748 | D:9      | Noticed a two-headed ogre
  8752 | D:9      | Reached ***** piety under Okawaru
  8754 | D:9      | Killed a two-headed ogre
  8755 | D:9      | Reached skill level 5 in Invocations
  8775 | D:9      | Found a flagged portal.
  8852 | Bailey   | Entered a bailey
  9047 | Bailey   | Noticed a gargoyle
  9052 | Bailey   | Killed a gargoyle
  9297 | Bailey   | Received a gift from Okawaru
  9765 | D:9      | Reached skill level 12 in Axes
  9772 | D:9      | Reached XP level 11. HP: 96/97 MP: 14/14
  9890 | D:9      | Killed a two-headed ogre
 10005 | D:9      | Found a staircase to the Lair.
 10284 | D:9      | Found a staircase to the Orcish Mines.
 10362 | D:9      | Found Rezoirgh's Jewellery Shoppe.
 10368 | D:9      | Bought an amulet of regeneration for 390 gold pieces
 10689 | D:10     | Entered Level 10 of the Dungeon
 10907 | D:10     | Noticed a two-headed ogre
 10915 | D:10     | Killed a two-headed ogre
 10915 | D:10     | Received a gift from Okawaru
 10916 | D:10     | Reached skill level 10 in Armour
 10982 | D:10     | Noticed a two-headed ogre
 10991 | D:10     | Killed a two-headed ogre
 10992 | D:10     | Reached skill level 10 in Fighting
 10992 | D:10     | Reached skill level 13 in Axes
 10992 | D:10     | Reached skill level 10 in Shields
 11334 | D:11     | Noticed Snorg
 11355 | D:11     | Killed Snorg
 11450 | D:11     | Found a stormy altar of Qazlal.
 11470 | D:11     | Noticed a centaur warrior
 11480 | D:11     | Killed a centaur warrior
 11529 | D:11     | Noticed a six-headed hydra
 11542 | D:11     | Killed a one-headed hydra
 11542 | D:11     | Reached ****** piety under Okawaru
 11935 | D:11     | Reached XP level 12. HP: 90/107 MP: 16/16
 12019 | D:12     | Noticed a five-headed hydra
 12030 | D:12     | Killed a one-headed hydra
 12030 | D:12     | Received a gift from Okawaru
 12063 | D:12     | Noticed a centaur warrior
 12070 | D:12     | Killed a centaur warrior
 12071 | D:12     | Reached skill level 14 in Axes
 12110 | D:12     | Noticed a centaur warrior
 12120 | D:12     | Killed a centaur warrior
 12120 | D:12     | Received a gift from Okawaru
 12299 | D:12     | Noticed a two-headed ogre
 12308 | D:12     | Killed a two-headed ogre
 12706 | D:12     | Noticed a boulder beetle
 12731 | D:12     | Killed a boulder beetle
 12856 | D:13     | Noticed a boulder beetle
 12880 | D:13     | Killed a boulder beetle
 13184 | D:13     | Reached skill level 15 in Axes
 13185 | D:13     | Identified the ring "Cuun" {Wiz Stlth+}
 13259 | D:13     | Noticed a boulder beetle
 13281 | D:13     | Killed a boulder beetle
 13281 | D:13     | Identified the +11 broad axe of Voracious Duty {vorpal,
                  | rPois Int+4} (Okawaru gifted it to you on level 13 of the
                  | Dungeon)
 13281 | D:13     | Received a gift from Okawaru
 13707 | D:14     | Noticed a catoblepas
 13716 | D:14     | Killed a catoblepas
 14108 | D:14     | Noticed a boulder beetle
 14117 | D:14     | Killed a boulder beetle
 14221 | D:14     | Found a hide-covered altar of Uskayaw.
 14228 | D:14     | Reached XP level 13. HP: 80/117 MP: 18/18
 14438 | D:14     | Found a gate to the Vaults.
 14765 | D:15     | Entered Level 15 of the Dungeon
 14794 | D:15     | Paralysed by a hornet for 1 turns
 15043 | D:15     | Received a gift from Okawaru
 15052 | D:15     | Found a basalt altar of Yredelemnul.
 15199 | D:15     | Found a staircase to the Depths.
 15199 | D:15     | Noticed a frost giant
 15206 | D:15     | Killed a frost giant
 15274 | D:15     | Reached skill level 16 in Axes
 15799 | D:15     | Identified the +0 ring mail "Nuffiguh" {rPois Str+4}
 16097 | Lair:1   | Entered Level 1 of the Lair of Beasts
 16214 | Lair:1   | Received a gift from Okawaru
 16902 | Lair:2   | Found a hole to the Spider Nest.
 17521 | Lair:3   | Identified the +3 scale mail "Zuirch Fuol" {*Corrode rN+++
                  | Int+4 Slay-2} (Okawaru gifted it to you on level 3 of the
                  | Lair of Beasts)
 17521 | Lair:3   | Received a gift from Okawaru
 17595 | Lair:3   | Reached skill level 17 in Axes
 17646 | Lair:3   | Reached XP level 14. HP: 102/127 MP: 18/20
 18531 | Lair:4   | Found a staircase to the Swamp.
 19417 | Lair:5   | Found a runed translucent door.
 19417 | Lair:5   | Found a viscous altar of Jiyva.
 19418 | Lair:5   | Noticed an azure jelly
 19419 | Lair:5   | Noticed an azure jelly
 19486 | Lair:5   | Identified the +0 chain mail "Iskurugh" {Will+ Int+3}
                  | (Okawaru gifted it to you on level 5 of the Lair of Beasts)
 19486 | Lair:5   | Received a gift from Okawaru
 19606 | Lair:5   | Noticed Nessos
 19632 | Lair:5   | Noticed Nessos
 19632 | Lair:5   | Nessos changed into Nessos the lindwurm
 19638 | Lair:5   | Killed Nessos the lindwurm
 19647 | Lair:5   | Got Sif Muna's Guide on Beguiling and Toxins
 20066 | Lair:5   | Found a staircase to the Slime Pits.
 20137 | Lair:6   | Entered Level 6 of the Lair of Beasts
 20146 | Lair:6   | Reached skill level 18 in Axes
 20146 | Lair:6   | Reached skill level 10 in Invocations
 21065 | Lair:6   | Reached XP level 15. HP: 138/138 MP: 21/21
 21135 | Lair:6   | Reached skill level 19 in Axes
 21690 | Orc:1    | Entered Level 1 of the Orcish Mines
 21725 | Orc:1    | Found Abaocif's Magic Scroll Emporium.
 21732 | Orc:1    | Bought a scroll of enchant weapon for 120 gold pieces
 21732 | Orc:1    | Bought a scroll of magic mapping for 56 gold pieces
 21767 | Orc:1    | Noticed Nergalle
 21782 | Orc:1    | Killed Nergalle
 22004 | Orc:2    | Entered Level 2 of the Orcish Mines
 22083 | Orc:2    | Found a staircase to the Elven Halls.
 22336 | Orc:2    | Found Dexzeani's Magic Scroll Boutique.
 22336 | Orc:2    | Found Xeivirag's Weapon Emporium.
 22337 | Orc:2    | Found Mempomec's Jewellery Shoppe.
 22337 | Orc:2    | Found Qovud's Distillery.
 22344 | Orc:2    | Received a gift from Okawaru
 22358 | Orc:2    | Paralysed by an ogre mage for 7 turns
 22364 | Orc:2    | Slain by an ogre mage

Illustrated notes

Levels and vault maps discovered:
D:1:      saegor_arrival_simple_d, layout_basic,
          shapermc_ecumenical_altar_pompeii
D:2:      layout_loops_corners
D:3:      layout_loops_ring, serial_shops, nicolae_shop_crystal,
          minmay_tree_intersection
D:4:      layout_basic
D:5:      layout_rooms, minmay_temple_entry_glass, ebering_ghost_sewer_f,
          nicolae_shop_overcharged_wands, uniq_eustachio, uniq_edmund,
          uniq_blork_the_orc
D:6:      layout_basic, gammafunk_ghost_hive, uniq_maggie
D:7:      layout_basic, grunt_decor_junction, minmay_misc_feat_pillars,
          uniq_prince_ribbit1
D:8:      layout_loops_corners, nzn_overflow_gifts_of_might_and_magic,
          serial_ice, serial_ice_c, serial_ice_b, serial_ice_m, serial_ice_d,
          grunt_ministairs_1, uniq_pikel
D:9:      layout_roguey [special_room_orc], due_lair_maze_entry_diamond,
          serial_shops, kennysheep_little_box, enter_bailey_5
D:10:     layout_long_grid
D:11:     layout_rooms, grunt_qazlal_clouds, uniq_snorg
D:12:     layout_basic
D:13:     layout_long_grid
D:14:     layout_rooms, david_vaults_4, nicolae_elevator_lobby_plus,
          nicolae_uskayaw_murder_on_the_dancefloor
D:15:     grunt_enter_depths_snipers, layout_stronghold,
          yredelemnul_altar_generic
Temple:   regret_index_temple_chain_breaker
Lair:1:   layout_hall_layers, grunt_megastairs_3, serial_bayou_shore_b,
          serial_bayou_shore_a
Lair:2:   layout_gridlike, spider_nest_entry_rubble, grunt_megastairs_4,
          serial_bayou_shore_b
Lair:3:   layout_chaotic_city, guppyfry_lair_drakes
Lair:4:   layout_long_grid, palyth_hydra_swamp_entry
Lair:5:   nzn_winding_woodlands_stair_trap
          [nzn_winding_woodlands_5x15_river_crossing,
          nzn_winding_woodlands_5x15_sidewinder,
          nzn_winding_woodlands_5x15_crooked,
          nzn_winding_woodlands_15x15_five_gardens,
          nzn_winding_woodlands_5x15_zeroes,
          nzn_winding_woodlands_5x15_sawtooth,
          nzn_winding_woodlands_5x15_garden], layout_regular_city,
          slime_altar_2, uniq_nessos
Lair:6:   hangedman_lair_in_review, layout_layer_cave, minivault_25,
          minmay_lair_oklob_bushes, kennysheep_abandoned_house,
          lemuel_fruit_tree
Orc:1:    layout_caves, serial_shops, shop, nicolae_orc_damp_corner,
          uniq_nergalle
Orc:2:    st_orc_ogre_mass, layout_caves, basic_altar

Skill      XL: |  1  2  3  4  5  6  7  8  9 10 11 12 13 14 15 |
---------------+----------------------------------------------+-----
Axes           | 1 2 3 4 5 7 8 10 12 13 15 17 18 19 | 19.4
Fighting       | 4 5 6 7 8 9 10 11 12 14 | 14.4
Armour         | 4 5 6 7 8 9 10 11 12 14 | 14.5
Shields        | 4 5 6 7 8 9 10 11 12 13 14 | 14.3
Invocations    | 2 4 5 6 8 9 10 | 10.0
Maces & Flails | |  2.4

Action                   |  1- 3 |  4- 6 |  7- 9 | 10-12 | 13-15 || total
-------------------------+-------+-------+-------+-------+-------++-------
Melee: Flail             |    82 |    49 |       |       |       ||   131
       Headbutt          |    11 |    20 |    45 |   166 |   146 ||   388
       War axe           |       |    41 |    52 |   324 |       ||   417
       Hand axe          |       |       |   197 |   270 |       ||   467
       Broad axe         |       |       |       |    34 |   646 ||   680
Invok: Heroism           |       |       |       |     1 |     1 ||     2
       Finesse           |       |       |       |       |     1 ||     1
Evoke: Wand              |       |       |       |       |     2 ||     2
  Use: Scroll            |       |       |       |    24 |     3 ||    27
       Potion            |       |       |       |     1 |     1 ||     2
Armor: Scale mail        |    28 |    45 |    34 |       |       ||   107
       Acid dragon scale |       |       |    61 |   106 |       ||   167
       Plate armour      |       |       |       |   289 |   408 ||   697
Dodge: Dodged            |    34 |    47 |   133 |   358 |   208 ||   780
Block: Buckler           |    17 |    29 |    65 |   137 |       ||   248
       Kite shield       |       |       |       |   124 |   386 ||   510
